 Dungeon Crawl Stone Soup version 0.28-a0-691-gad6df49e81 (webtiles) character file.

Game seed: 1722613196731562395

674064 ytrimaz the Conqueror (level 27, -1/249 HPs)
             Began as a Formicid Fighter on Oct 22, 2021.
             Was the Champion of the Shining One.
             Killed by divine providence
             ... invoked by a royal mummy
              (14 damage)
             ... on level 2 of the Tomb of the Ancients on Oct 23, 2021.
             The game lasted 02:41:26 (64565 turns).

ytrimaz the Conqueror (Formicid Fighter)           Turns: 64565, Time: 02:41:28

Health: -1/249     AC: 54    Str: 32      XL:     27
Magic:  5/32       EV: 10    Int: 13 (14) God:    the Shining One [******]
Gold:   2399       SH:  0    Dex: 10      Spells: 26/26 levels left

rFire   + + +      SeeInvis +   P - +9 executioner's axe (holy)
rCold   + . .      Faith    .   W - +5 tower shield {reflect}
rNeg    + + +      Spirit   .   j - +12 gold dragon scales
rPois   +          Reflect  +   (helmet unavailable)
rElec   .          Harm     .   l - +1 cloak of Starlight {*Dazzle EV+4 Stlth--}
rCorr   +          Rampage  +   a - +0 pair of gloves "Feciyn Umef" {rPois}
Will    ++++.                   E - +2 pair of boots {rampage}
Stlth   ..........              h - amulet of reflection
HPRegen 0.51/turn               V - ring "Zibrunt" {Fly rF++ AC+4 Int-2 Slay+3}
MPRegen 0.23/turn               Z - ring "Mohoih" {*Slow rN+++ Will++ rCorr Int+6}

@: flying, held, glowing
A: permanent stasis, dig shafts and tunnels, antennae 3, four strong arms,
hooves 1, iridescent scales 1, MP-powered wands
}: 4/15 runes: barnacled, slimy, silver, gossamer
a: Dig, Shaft Self, Renounce Religion, Divine Shield, Cleansing Flame, Summon
Divine Warrior


You were on level 2 of the Tomb of the Ancients.
You worshipped the Shining One.
The Shining One was exalted by your worship.
You visited 13 branches of the dungeon, and saw 55 of its levels.
You visited 1 bazaar.
You visited 1 ziggurat, and saw 8 of its levels.
You also visited: Ice Cave and Wizlab.

You collected 9271 gold pieces.
You spent 6872 gold pieces at shops.

Inventory:

Hand Weapons
 k - a +2 battleaxe of holy wrath
 w - a +1 battleaxe of electrocution
 F - the +3 mace of Acutozax {freeze, Str+4 Dex+4}
   (You found it on level 12 of the Dungeon)

   It freezes those it strikes, dealing additional cold damage.
   It can also slow down cold-blooded creatures.
   Str:       It affects your strength (+4).
   Dex:       It affects your dexterity (+4).
 P - a +9 executioner's axe of holy wrath (weapon)
 Y - the +8 lance "Wyrmbane" {slay drac, rPois rF+ rC+ AC+3}
   (You bought it in a shop on level 3 of the Dungeon)

   It inflicts extra damage against dragons and draconians.
   AC:        It affects your AC (+3).
   rF:        It protects you from fire.
   rC:        It protects you from cold.
   rPois:     It protects you from poison.
Armour
 a - the +0 pair of gloves "Feciyn Umef" (worn) {rPois}
   (Okawaru gifted it to you on level 3 of the Depths)

   rPois:     It protects you from poison.
 d - a +2 cloak of willpower
 j - +12 gold dragon scales (worn)
 l - the +1 cloak of Starlight (worn) {*Dazzle EV+4 Stlth--}
   (You found it on level 6 of a ziggurat)

   It may blind those who miss an attack against the wearer in melee combat.
   EV:        It affects your evasion (+4).
   Stlth:     It makes you much less stealthy.
 E - a +2 pair of boots of rampaging (worn)
 W - a +5 tower shield of reflection (worn)
Jewellery
 b - the ring of Duteiv {rF+ rC+ Str+6 Slay-5}
   (You found it on level 3 of the Elven Halls)

   [ring of strength]

   Str:       It affects your strength (+6).
   Slay:      It affects your accuracy & damage with ranged weapons and melee
   (-5).
   rF:        It protects you from fire.
   rC:        It protects you from cold.
 h - an amulet of reflection (around neck)
 p - a +6 ring of intelligence
 s - a ring of fire
 B - a ring of resist corrosion
 V - the ring "Zibrunt" (left hand) {Fly rF++ AC+4 Int-2 Slay+3}
   (You took it off a deep elf high priest on level 3 of the Elven Halls)

   [ring of protection]

   AC:        It affects your AC (+4).
   Int:       It affects your intelligence (-2).
   Slay:      It affects your accuracy & damage with ranged weapons and melee
   (+3).
   rF:        It greatly protects you from fire.
   Fly:       It grants you flight.
 Z - the ring "Mohoih" (right hand) {*Slow rN+++ Will++ rCorr Int+6}
   (You found it on level 4 of the Shoals)

   [ring of intelligence]

   Int:       It affects your intelligence (+6).
   rN:        It renders you almost immune to negative energy.
   rCorr:     It protects you from acid and corrosion.
   *Slow:     It may slow you when you take damage.
   Will:      It greatly increases your willpower.
Wands
 e - a wand of mindburst (64)
 i - a wand of flame (189)
 n - a wand of polymorph (54)
 x - a wand of iceblast (68)
 z - a wand of digging (21)
 I - a wand of acid (13)
 R - a wand of paralysis (24)
Scrolls
 g - a scroll of summoning
 m - 7 scrolls of fog
 t - 14 scrolls of amnesia
 v - 27 scrolls of identify
 y - 2 scrolls of holy word
 C - a scroll of enchant weapon
 K - 6 scrolls of fear
 M - 6 scrolls of magic mapping
 Q - 3 scrolls of silence
Potions
 c - 7 potions of resistance
 f - 16 potions of curing
 o - 6 potions of brilliance
 q - 5 potions of ambrosia
 r - 5 potions of lignification
 u - 10 potions of attraction
 A - 4 potions of heal wounds
 D - 2 potions of mutation
 H - 6 potions of magic
 N - 4 potions of cancellation


   Skills:
 O Level 27 Fighting
 - Level 1.0 Short Blades
 - Level 23.6(24.1) Axes
 - Level 9.3(17.8) Polearms
 - Level 1.0(1.3) Slings
 - Level 0.6 Bows
 - Level 1.0 Crossbows
 - Level 1.0(1.2) Throwing
 O Level 27 Armour
 * Level 10.0 Dodging
 + Level 25.2 Shields
 - Level 0.8 Conjurations
 - Level 1.0 Hexes
 - Level 0.8 Summonings
 - Level 0.7 Translocations
 - Level 1.0 Transmutations
 - Level 0.8 Fire Magic
 - Level 0.8 Ice Magic
 - Level 0.5 Air Magic
 - Level 1.2 Earth Magic
 - Level 1.2 Poison Magic
 - Level 13.0 Invocations


You had 26 spell levels left.
You didn't know any spells.
Your spell library contained the following spells:

 Spells                   Type           Power      Damage    Failure   Level
 Apportation              Tloc           2%         N/A       71%         1
 Foxfire                  Conj/Fire      8%         2x1d4     71%         1
 Freeze                   Ice            8%         1d3       71%         1
 Magic Dart               Conj           8%         1d3       71%         1
 Shock                    Conj/Air       4%         1d3       73%         1
 Ensorcelled Hibernation  Hex/Ice        4%         N/A       83%         2
 Static Discharge         Conj/Air       1%         N/A       86%         2
 Corpse Rot               Necr/Air       0%         N/A       89%         2
 Sublimation of Blood     Necr           0%         N/A       91%         2
 Spider Form              Tmut/Pois      1%         N/A       95%         3
 Inner Flame              Hex/Fire       2%         N/A       96%         3
 Stone Arrow              Conj/Erth      4%         3d7       96%         3
 Conjure Flame            Conj/Fire      2%         6-21      97%         3
 Frozen Ramparts          Ice            4%         1d2       97%         3
 Gell's Gravitas          Tloc           0%         N/A       97%         3
 Lesser Beckoning         Tloc           1%         N/A       97%         3
 Mephitic Cloud           Conj/Pois/Air  2%         N/A       97%         3
 Ozocubu's Armour         Ice            2%         N/A       97%         3
 Teleport Other           Tloc           1%         N/A       97%         3
 Airstrike                Air            0%         N/A       100%        4
 Animate Armour           Summ/Erth      4%         N/A       100%        4
 Cause Fear               Hex            1%         N/A       100%        4
 Dispel Undead            Necr           0%         3d6       100%        4
 Flame Wave               Conj/Fire      2%         3d3       100%        4
 Fulminant Prism          Conj/Hex       1%         3d6       100%        4
 Hailstorm                Conj/Ice       2%         3d3       100%        4
 Ice Form                 Ice/Tmut       2%         N/A       100%        4
 Iskenderun's Mystic Bla  Conj/Tloc      2%         2d3       100%        4
 Leda's Liquefaction      Hex/Erth       1%         N/A       100%        4
 Olgreb's Toxic Radiance  Pois           3%         N/A       100%        4
 Petrify                  Tmut/Erth      2%         N/A       100%        4
 Sticky Flame             Conj/Fire      2%         2d3       100%        4
 Summon Ice Beast         Ice/Summ       2%         N/A       100%        4
 Summon Lightning Spire   Summ/Air       1%         N/A       100%        4
 Alistair's Intoxication  Tmut/Pois      1%         N/A       100%        5
 Blade Hands              Tmut           1%         N/A       100%        5
 Borgnjor's Vile Clutch   Necr/Erth      0%         N/A       100%        5
 Freezing Cloud           Conj/Ice/Air   0%         6-21      100%        5
 Irradiate                Conj/Tmut      1%         3d14      100%        5
 Iskenderun's Battlesphe  Conj           2%         2d6       100%        5
 Lee's Rapid Deconstruct  Erth           1%         3d5*      100%        5
 Lightning Bolt           Conj/Air       0%         1d11      100%        5
 Manifold Assault         Tloc           1%         N/A       100%        5
 Metabolic Englaciation   Hex/Ice        1%         N/A       100%        5
 Silence                  Hex/Air        1%         N/A       100%        5
 Summon Forest            Summ/Tloc      1%         N/A       100%        5
 Summon Mana Viper        Hex/Summ       2%         N/A       100%        5
 Conjure Ball Lightning   Conj/Air       0%         3x3d6     100%        6
 Death Channel            Necr           0%         N/A       100%        6
 Dispersal                Tloc           0%         N/A       100%        6
 Eringya's Noxious Bog    Tmut/Pois      1%         N/A       100%        6
 Iron Shot                Conj/Erth      1%         9d1       100%        6
 Simulacrum               Ice/Necr       0%         N/A       100%        6
 Starburst                Conj/Fire      1%         6d3       100%        6
 Statue Form              Tmut/Erth      1%         N/A       100%        6
 Malign Gateway           Summ/Tloc      1%         N/A       100%        7
 Ozocubu's Refrigeration  Ice            1%         4d5       100%        7
 Spellforged Servitor     Conj/Summ      1%         N/A       100%        7
 Storm Form               Tmut/Air       1%         N/A       100%        7
 Discord                  Hex            1%         N/A       100%        8
 Disjunction              Tloc           0%         N/A       100%        8
 Ignition                 Fire           1%         3d3       100%        8
 Lehudib's Crystal Spear  Conj/Erth      1%         10d2      100%        8
 Blink                    Tloc           Unusable   N/A       N/A         2
 Swiftness                Air            Unusable   N/A       N/A         3

Dungeon Overview and Level Annotations

Branches:
Dungeon (15/15)            Temple (1/1) D:4            Lair (6/6) D:10
 Shoals (4/4) Lair:2       Spider (4/4) Lair:4        Slime (5/5) Lair:5
    Orc (2/2) D:10            Elf (3/3) Orc:2        Vaults (5/5) D:13
  Crypt (3/3) Vaults:3       Tomb (2/3) Crypt:3      Depths (4/4) D:15
   Hell (visited)             Zot (0/5) Depths:4      IceCv (visited)
 WizLab (visited)
    Dis: Hell:1         Geh: Hell:1         Coc: Hell:1         Tar: Hell:1

Altars:
Ashenzari
Cheibriados
Dithmenos
Elyvilon
Fedhas
Gozag
Hepliaklqana
Kikubaaqudgha
Makhleb
Nemelex Xobeh
Okawaru
Qazlal
Ru
Sif Muna
Trog
Uskayaw
Vehumet
Wu Jian
Xom
Yredelemnul
Zin
The Shining One

Shops:
D:3 (   D:5 :   D:6 ?:   Orc:2 [[?*[[?   Elf:1 =:=*   Elf:2 (   Elf:3 :
Vaults:3 *   Vaults:5 !   Depths:1 ((   Depths:4 **

Portals:
Hell: Depths:1 Depths:2 Depths:3 Depths:4
Abyss: Depths:3 Depths:4
Pandemonium: Depths:1 Depths:2

Annotations:
D:5 1 runed translucent door, Crazy Yiuf
D:6 3 runed translucent doors, AlleluiaPinecone's ghost, novice TrBe
Lair:1 exclusion: oklob plant
Lair:4 exclusion: 2 oklob plants
Hell Geryon


Innate Abilities, Weirdness & Mutations

You cannot be hasted, slowed, berserked, paralysed or teleported.
You can dig through walls and to a lower floor.
You have a pair of large antennae on your head. (SInv)
Your four strong arms can wield two-handed weapons with a shield.
You have large cloven feet.
You are partially covered in iridescent scales. (AC +2)
You expend magic power (3 MP) to strengthen your wands.


Message History

The golden flame engulfs the spectral stone giant!
The spectral stone giant writhes in agony!
The spectral stone giant is heavily damaged.
The golden flame engulfs the emperor scorpion!!!
The emperor scorpion is heavily wounded.
Your angel gestures.
Your angel is healed somewhat.
The royal mummy mumbles some strange words.
Send 'em back where they came from!
The Shining One protects your fellow warrior from evil magic!
The royal mummy mumbles some strange words.
The ancient champion hits you with a +1 great sword of draining!
* * * LOW HITPOINT WARNING * * *
The emperor scorpion stings you!
* * * LOW HITPOINT WARNING * * *
You are lethally poisoned!
The emperor scorpion poisons you!
The emperor scorpion claws you but does no damage.
The emperor scorpion barely misses you.
The emperor scorpion stings you but does no damage.
The emperor scorpion claws you but does no damage. x2
You feel better.
Your angel gestures.
Your angel is healed somewhat.
The emperor scorpion stings you but does no damage.
The emperor scorpion claws you but does no damage. x2
The emperor scorpion stings you but does no damage.
The emperor scorpion claws you but does no damage.
The emperor scorpion closely misses you.
The royal mummy calls on the powers of darkness!
The emperor scorpion convulses! x3; Your body is wracked with pain!
* * * LOW HITPOINT WARNING * * *
The emperor scorpion convulses! x4
Your angel convulses!
The mummy priest invokes the aid of its god against you.
Something smites you!
* * * LOW HITPOINT WARNING * * *
The royal mummy casts a spell at you. Something smites you!
You die...

.............
........... ..
BM.......# .M..
##........##.
...^##...A...§..<.
.......§BsM.§....
...M.M..sss§.....
. #...M.s@# .
..##..M.sZz##.$.
....M..^..sn...#
.......Mz......#
......n.....M...#
..[..............
....M)....[......
......^..§.......
?....○§..........


You could see 4 royal mummies, 7 emperor scorpions, a revenant, an ancient
champion, a mummy priest, 3 guardian mummies, a spectral stone giant (summoned),
2 death scarabs, 2 necrophages, 2 mummies and a friendly angel (summoned, slow).

Vanquished Creatures
  the Royal Jelly (Arena)
  A dread lich (Vaults:5)
  3 ancient liches
  Mara (Crypt:1)
  A juggernaut (Depths:1)
  5 royal mummies
  Boris (Vaults:5)
  A Head Instructor (WizLab)
  Saint Roka (Elf:3)
  4 caustic shrikes (Depths:3)
  6 golden dragons
  Nikola (Shoals:4)
  Jory (Crypt:1)
  Arachne (Spider:2)
  The ghost of Goerukk the Blocker, an adept HuFi (Depths:4)
  A walking earthen tome (Depths:3)
  Rupert (Spider:1)
  The ghost of Lianjan the Warrior, an adept MiGl of Gozag (Shoals:3)
  Mlioglotl (Shoals:4)
  4 liches
  4 tentacled monstrosities
  A walking crystal tome (Depths:4)
  3 quicksilver dragons
  25 acid blobs
  16 titans
  10 deep elf blademasters
  Asterion (Elf:3)
  A titan (shapeshifter) (Vaults:4)
  The ghost of Vuykkinei the Brawler, an adept TrBe of Trog (Spider:4)
  Polyphemus (Shoals:3)
  3 tentacled starspawn (Zig:8)
  7 deep elf master archers
  4 ancient champions
  4 shadow dragons
  15 sphinxes
  A draconian monk (Depths:4)
  Agnes (Elf:2)
  3 tengu reavers
  4 storm dragons
  Ilsuiw (Shoals:3)
  Donald (Shoals:4)
  12 azure jellies
  5 rockslimes
  3 revenants
  Roxanne (Spider:1)
  Louise (Shoals:1)
  2 iron dragons (Depths:3)
  2 draconian knights (WizLab)
  15 vault wardens
  25 frost giants
  11 fire giants
  12 deep elf sorcerers
  5 emperor scorpions
  An orc warlord (Zig:6)
  6 ghost moths
  A caustic shrike zombie (Crypt:3)
  3 deep elf elementalists (Elf:3)
  4 curse skulls
  2 draconian annihilators
  17 ghouls
  35 very ugly things
  2 war gargoyles
  15 ironbound preservers
  A caustic shrike skeleton (Tomb:1)
  6 quicksilver oozes
  2 reapers
  18 stone giants
  5 spriggan defenders
  4 spark wasps
  14 vampire knights
  10 deep elf demonologists
  A green draconian (Depths:4)
  6 entropy weavers
  2 yellow draconians
  6 deep elf annihilators (Elf:3)
  A white draconian (Crypt:1)
  A minotaur (Shoals:4)
  5 purple draconians
  4 red draconians
  3 dire elephants (Vaults:2)
  4 merfolk javelineers
  3 eidola
  7 deep elf death magi
  A blizzard demon (IceCv)
  6 mummy priests
  12 merfolk impalers
  4 crystal guardians
  10 ettins
  2 quicksilver dragon zombies (Crypt:3)
  12 yaktaur captains
  15 jiangshi
  4 deep elf high priests
  10 great orbs of eyes
  12 fire dragons
  2 rakshasas (Depths:3)
  28 vault guards
  3 boulder beetles
  A quicksilver dragon skeleton (Crypt:2)
  11 ironbound thunderhulks
  5 hydras
  Fannar (D:11)
  2 peacekeepers
  3 caustic shrike simulacra
  A juggernaut simulacrum (Crypt:3)
  2 catoblepae
  5 spriggan air magi
  18 centaur warriors
  2 merfolk avatars
  3 ogre magi
  An anaconda (shapeshifter) (Elf:1)
  5 ice dragons
  5 ironbound frosthearts
  30 dancing weapons
  4 two-headed ogres
  16 satyrs
  A merfolk aquamancer (Shoals:3)
  4 deep troll shamans
  4 death knights
  24 death scarabs (Tomb:1)
  12 death yaks
  4 alligator snapping turtles
  A hell hog (Depths:2)
  4 tengu warriors
  8 deep troll earth magi
  13 vampire magi
  5 soul eaters
  2 titan zombies (Crypt:3)
  Nergalle (D:12)
  Urug (Lair:1)
  4 orc high priests (Orc:2)
  A sun demon (Depths:2)
  9 spriggan berserkers
  10 large abominations
  28 deep elf knights
  A titan skeleton (Crypt:1)
  3 shadow wraiths
  A wretched star (Zig:8)
  10 iron trolls
  2 hell knights
  A storm dragon skeleton (Vaults:3)
  50 skeletal warriors
  3 salamander mystics
  13 sea snakes
  3 glowing orange brains
  6 flayed ghosts
  2 spark wasp zombies (Depths:2)
  63 deep trolls
  A spectral wolf spider (D:13)
  14 wizards
  2 obsidian statues
  31 deep elf archers
  20 ironbound convokers
  2 tengu zombies
  5 bog bodies
  Pikel (D:9)
  5 lindwurms
  54 deep elf pyromancers
  A wolf spider zombie (Crypt:1)
  26 phantasmal warriors
  25 harpies
  5 orc knights
  An iron dragon zombie (Depths:2)
  45 deep elf zephyrmancers
  3 tengu skeletons
  58 ugly things
  6 mana vipers (WizLab)
  25 orb spiders
  5 orc sorcerers
  4 frost giant zombies (Depths:2)
  6 necromancers
  2 stone giant zombies (Crypt:3)
  A salamander (shapeshifter) (Elf:1)
  18 fauns
  3 shining eyes
  4 moths of wrath
  An oklob plant (Lair:4)
  A shining eye (shapeshifter) (Depths:1)
  23 manticores
  31 wolf spiders
  4 cyclopes
  3 fire giant zombies
  A goliath frog skeleton (Crypt:2)
  A fire giant skeleton (Vaults:3)
  A dire elephant zombie (Crypt:3)
  10 elephants
  3 elephants (shapeshifter)
  2 stone giant skeletons (Vaults:3)
  A titan simulacrum (Crypt:3)
  5 black mambas
  15 vault sentinels
  11 merfolk sirens
  A smoke demon (Zig:8)
  3 gargoyles
  5 naga magi
  An alligator snapping turtle zombie (Crypt:3)
  2 centaur skeletons (D:13)
  5 water nymphs
  7 cane toads
  2 spriggan skeletons
  2 rime drakes
  2 hellions
  A yaktaur zombie (Vaults:2)
  3 unseen horrors
  10 freezing wraiths
  2 kobold demonologists (D:13)
  An efreet (Zig:8)
  8 komodo dragons
  A yaktaur (shapeshifter) (Depths:4)
  28 yaktaurs
  14 guardian mummies
  An anaconda simulacrum (IceCv)
  9 demonic crawlers
  7 entropy weaver simulacra (IceCv)
  A red draconian skeleton (Crypt:2)
  5 tengu conjurers
  An emperor scorpion zombie (Crypt:2)
  6 ice devils
  5 human skeletons
  5 yaktaur skeletons
  A tormentor (Zig:8)
  A red devil (Depths:1)
  A wolf spider simulacrum (D:15)
  33 jumping spiders
  5 trolls
  A queen bee (Spider:2)
  3 harpy zombies (Crypt:3)
  46 merfolk
  8 polar bears
  3 wind drakes
  21 blink frogs
  3 dream sheep (Shoals:1)
  3 raiju (Zig:8)
  97 slime creatures
  3 fire dragon zombies
  15 hornets
  2 deep troll zombies
  9 snapping turtles
  A meliai zombie (D:13)
  5 spriggan zombies
  An ettin zombie (Crypt:3)
  32 flying skulls
  A shadow (D:13)
  An alligator skeleton (Crypt:2)
  2 wyverns
  A redback (shapeshifter) (Vaults:4)
  5 spriggans (Depths:3)
  29 tarantellas
  A deep troll skeleton (Vaults:2)
  103 redbacks
  4 air elementals
  3 ushabtiu
  17 wraiths
  Eustachio (D:5)
  A vampire (D:12)
  2 dire elephant simulacra
  43 yaks
  A tarantella (shapeshifter) (D:14)
  3 golden eyes (Slime:3)
  8 minotaur simulacra (IceCv)
  9 water elementals
  4 basilisks
  12 spriggan simulacra (IceCv)
  A neqoxec (Zig:8)
  A black mamba skeleton (Tomb:2)
  5 chaos spawn
  An ogre zombie (Vaults:1)
  3 harpy simulacra (IceCv)
  A water nymph zombie (Crypt:3)
  An elf skeleton (Vaults:3)
  6 wargs
  Edmund (D:5)
  2 acid dragons (D:12)
  4 hydra simulacra (IceCv)
  3 small abominations (Depths:4)
  16 water moccasins
  A faun skeleton (Crypt:1)
  Duvessa (D:4)
  A cane toad zombie (Crypt:3)
  A floating eye (shapeshifter) (Zig:1)
  32 orc warriors
  2 sky beasts
  A sky beast (shapeshifter) (D:14)
  2 hornet zombies
  A swamp dragon zombie (Crypt:3)
  An ettin simulacrum (Vaults:1)
  14 black bears
  6 alligator simulacra (IceCv)
  7 necrophages
  25 wolves
  A manticore skeleton (Crypt:1)
  14 centaurs
  13 ogres
  4 kobold brigands
  A draconian zombie (Crypt:1)
  Blork the orc (D:4)
  17 bullfrogs
  A deep troll simulacrum (IceCv)
  3 gnoll sergeants
  2 scorpions
  Dowan (D:4)
  A wyvern zombie (D:9)
  5 earth elementals
  3 wights (D:5)
  8 killer bees (Spider:2)
  A yak skeleton (Crypt:3)
  A lindwurm simulacrum (IceCv)
  A howler monkey (D:12)
  2 electric eels
  5 hounds
  8 centaur zombies
  16 orc priests
  4 gnoll shamans
  2 bullfrog skeletons
  3 iguanas
  19 orc wizards
  A killer bee zombie (D:7)
  A demigod zombie (Crypt:3)
  An acid dragon zombie (Crypt:2)
  43 mummies
  11 adders
  22 gnolls
  A howler monkey skeleton (Crypt:1)
  2 shadow imps
  A white imp (D:7)
  An ufetubus (D:5)
  A halfling zombie (Crypt:3)
  4 worms (Spider:2)
  A dart slug (D:4)
  68 orcs
  4 ball pythons
  4 bats
  7 endoplasms
  3 giant cockroaches
  10 goblins
  4 hobgoblins
  4 jackals (D:3)
  15 kobolds
  4 quokkas
  A dart slug zombie (Crypt:3)
  2 frilled lizards
  A gnoll skeleton (Crypt:2)
  5 rats
  2 bushes (WizLab)
  A fire vortex (Depths:2)
  A plant (Shoals:4)
  6 starspawn tentacles (Zig:8)
2635 creatures vanquished.

Vanquished Creatures (collateral kills)
  A deep elf blademaster (Tomb:1)
  An ancient champion (Tomb:2)
  A ghoul (Crypt:2)
  A deep elf pyromancer (Tomb:1)
  2 deep elf zephyrmancers (Tomb:1)
  A necrophage (Crypt:2)
  2 mummies (Tomb:1)
9 creatures vanquished.

Vanquished Creatures (others)
  A blizzard demon (IceCv)
  A deep elf knight (Elf:2)
  A deep elf zephyrmancer (Elf:2)
  A manticore (Shoals:4)
  A merfolk (Shoals:4)
  4 yaks (D:12)
  15 fungi
  75 plants
  5 starspawn tentacles (Zig:8)
104 creatures vanquished.

Grand Total: 2748 creatures vanquished

Notes
Turn   | Place    | Note
-------+----------+-------------------------------------------
     0 | D:1      | ytrimaz the Formicid Fighter began the quest for the Orb.
     0 | D:1      | Reached XP level 1. HP: 18/18 MP: 1/1
   183 | D:1      | Found a faded altar of an unknown god.
   340 | D:1      | Reached XP level 2. HP: 22/24 MP: 2/2
   938 | D:2      | Found a shadowy altar of Dithmenos.
  1063 | D:2      | Reached XP level 3. HP: 30/30 MP: 3/3
  1285 | D:2      | Identified a scroll of acquirement
  1285 | D:2      | Acquired the +0 buckler of Dice, Bag, and Bottle {rN+
                  | Regen+}
  1695 | D:3      | Reached XP level 4. HP: 34/37 MP: 4/4
  1707 | D:3      | Acquired the ring of Kieg Axy {Str+3 Int+6 Dex+3}
  1863 | D:3      | Reached XP level 5. HP: 41/42 MP: 5/5
  1884 | D:3      | Found Xuwuinu's Antique Weapon Shop.
  2195 | D:4      | Found a staircase to the Ecumenical Temple.
  2207 | D:4      | Noticed Blork the orc
  2215 | Temple   | Entered the Ecumenical Temple
  2276 | Temple   | Became a worshipper of Warmaster Okawaru
  2413 | D:4      | Killed Blork the orc
  2414 | D:4      | Reached XP level 6. HP: 37/49 MP: 6/6
  2492 | D:4      | Reached skill level 5 in Axes
  2628 | D:4      | Reached XP level 7. HP: 55/55 MP: 7/7
  2698 | D:4      | Noticed Dowan
  2699 | D:4      | Noticed Duvessa
  2706 | D:4      | Killed Duvessa
  2706 | D:4      | Reached * piety under Okawaru
  2707 | D:4      | Reached skill level 5 in Fighting
  2707 | D:4      | Reached skill level 1 in Invocations
  2712 | D:4      | Killed Dowan
  3164 | D:5      | Entered Level 5 of the Dungeon
  3165 | D:5      | Found Qoget's Book Shoppe.
  3240 | D:5      | Noticed Edmund
  3247 | D:5      | Killed Edmund
  3252 | D:5      | Reached skill level 5 in Armour
  3252 | D:5      | Reached XP level 8. HP: 49/62 MP: 7/9
  3381 | D:5      | Noticed Eustachio
  3389 | D:5      | Killed Eustachio
  3389 | D:5      | Reached ** piety under Okawaru
  3870 | D:5      | Found a runed translucent door.
  3871 | D:5      | Noticed Crazy Yiuf
  3898 | D:6      | Found a hide-covered altar of Uskayaw.
  3899 | D:6      | Found a sacrificial altar of Ru.
  3900 | D:6      | Found a hazy altar of Hepliaklqana.
  3904 | D:6      | Found an ornate altar of the Wu Jian Council.
  3904 | D:6      | Found a white marble altar of Elyvilon.
  3905 | D:6      | Found a sparkling altar of Nemelex Xobeh.
  3906 | D:6      | Found a shimmering altar of Xom.
  3975 | D:6      | Reached XP level 9. HP: 65/69 MP: 10/12
  4159 | D:6      | Found a runed translucent gate.
  4160 | D:6      | Found a runed translucent gate.
  4161 | D:6      | Found a runed translucent gate.
  4170 | D:6      | Noticed AlleluiaPinecone's ghost (novice TrBe)
  4422 | D:6      | Found Jahez's Book Boutique.
  4423 | D:6      | Found Xeybalu's Magic Scroll Shoppe.
  4513 | D:3      | Bought a translucent hand axe for 248 gold pieces
  4513 | D:3      | Identified the +3 hand axe "Qelles" {pain, rPois Will+
                  | Dex+4} (You bought it in a shop on level 3 of the Dungeon)
  4844 | D:7      | Noticed a hornet
  5203 | D:7      | Reached *** piety under Okawaru
  5227 | D:7      | Killed a hornet
  5412 | D:7      | Reached XP level 10. HP: 77/77 MP: 13/13
  5672 | D:8      | Reached skill level 10 in Axes
  5997 | D:8      | Noticed a gargoyle
  6005 | D:8      | Killed a gargoyle
  6289 | D:9      | Reached **** piety under Okawaru
  6333 | D:9      | Noticed Pikel
  6341 | D:9      | Killed Pikel
  6378 | D:9      | Reached ***** piety under Okawaru
  6680 | D:9      | Reached skill level 5 in Invocations
  6730 | D:9      | Reached XP level 11. HP: 63/86 MP: 14/14
  7297 | D:10     | Entered Level 10 of the Dungeon
  7297 | D:10     | Found a staircase to the Lair.
  7385 | D:10     | Found a staircase to the Orcish Mines.
  7541 | D:10     | Identified the +6 mace of the Singing Seeker {antimagic,
                  | rN+ Str+2 Dex-3}
  7885 | D:10     | Received a gift from Okawaru
  8281 | D:11     | Noticed a two-headed ogre
  8282 | D:11     | Noticed a boulder beetle
  8291 | D:11     | Killed a two-headed ogre
  8301 | D:11     | Killed a boulder beetle
  8374 | D:11     | Identified the +2 robe of Happy Babbling {-Tele rPois SInv}
  8386 | D:11     | Identified the +8 long sword of Departure {venom, rF+ Str+2
                  | Int-4 Dex+4} (Okawaru gifted it to you on level 11 of the
                  | Dungeon)
  8386 | D:11     | Received a gift from Okawaru
  8583 | D:11     | Reached XP level 12. HP: 82/95 MP: 13/16
  9016 | D:11     | Noticed Fannar
  9043 | D:11     | Killed Fannar
  9299 | D:12     | Received a gift from Okawaru
  9306 | D:12     | Found a flickering gateway to a bazaar.
  9362 | Bazaar   | Entered a bazaar
  9416 | Bazaar   | Found Zuetzerr's Armour Shoppe.
  9432 | Bazaar   | Found Palu's Book Emporium.
  9448 | Bazaar   | Found Poawent's Jewellery Emporium.
  9543 | Bazaar   | Bought a +1 pair of boots of rampaging for 264 gold pieces
  9696 | D:12     | Noticed Nergalle
  9702 | D:12     | Killed Nergalle
  9704 | D:12     | Noticed a two-headed ogre
  9710 | D:12     | Killed a two-headed ogre
  9740 | D:12     | Reached skill level 10 in Fighting
  9747 | D:12     | Identified the +3 mace of Acutozax {freeze, Str+4 Dex+4}
  9980 | D:13     | Found an ornate altar of the Wu Jian Council.
  9991 | D:13     | Received a gift from Okawaru
 10032 | D:13     | Noticed a +3 long sword
 10034 | D:13     | Noticed a centaur warrior
 10037 | D:13     | Noticed a +7 long sword
 10047 | D:13     | Killed a +3 long sword
 10063 | D:13     | Killed a +7 long sword
 10064 | D:13     | Reached skill level 15 in Axes
 10072 | D:13     | Killed a centaur warrior
 10116 | D:13     | Found a gate to the Vaults.
 10153 | D:13     | Noticed a centaur warrior
 10160 | D:13     | Killed a centaur warrior
 10161 | D:13     | Reached skill level 10 in Armour
 10227 | D:13     | Reached XP level 13. HP: 102/104 MP: 16/18
 10737 | D:14     | Received a gift from Okawaru
 10785 | D:14     | Identified the +0 cloak of Catatonia {rC+}
 10898 | D:14     | Noticed an eight-headed hydra
 10943 | D:14     | Noticed a centaur warrior
 10955 | D:14     | Killed a centaur warrior
 11442 | D:14     | Killed an eight-headed hydra
 11548 | D:15     | Entered Level 15 of the Dungeon
 11681 | D:15     | Received a gift from Okawaru
 11686 | D:15     | Reached skill level 5 in Shields
 11694 | D:15     | Reached XP level 14. HP: 97/114 MP: 12/19
 12161 | D:15     | Found a staircase to the Depths.
 12161 | D:15     | Noticed a stone giant
 12526 | D:15     | Killed a stone giant
 12690 | Lair:1   | Entered Level 1 of the Lair of Beasts
 12744 | Lair:1   | Noticed Urug
 12754 | Lair:1   | Killed Urug
 13112 | Lair:1   | Acquired 548 gold pieces
 13742 | Lair:2   | Received a gift from Okawaru
 13854 | Lair:2   | Found a staircase to the Shoals.
 14520 | Lair:3   | Reached XP level 15. HP: 123/123 MP: 21/21
 15413 | Lair:4   | Received a gift from Okawaru
 15449 | Lair:4   | Found a hole to the Spider Nest.
 16720 | Lair:5   | Found a staircase to the Slime Pits.
 17101 | Lair:6   | Entered Level 6 of the Lair of Beasts
 18124 | Lair:6   | Received a gift from Okawaru
 18608 | Lair:6   | Acquired a +2 executioner's axe of venom
 18837 | Orc:1    | Entered Level 1 of the Orcish Mines
 18970 | Orc:2    | Entered Level 2 of the Orcish Mines
 18975 | Orc:2    | Found Jisul's Antique Armour Boutique.
 19051 | Orc:2    | Found Kaemiup's Magic Scroll Shoppe.
 19079 | Orc:2    | Found a staircase to the Elven Halls.
 19129 | Orc:2    | Found Wainn's Antique Armour Shop.
 19129 | Orc:2    | Found Plog's Magic Scroll Emporium.
 19133 | Orc:2    | Reached XP level 16. HP: 98/133 MP: 16/22
 19151 | Orc:2    | Found Fuowkeni's Armour Shop.
 19151 | Orc:2    | Found Qungeus's General Store.
 19684 | Orc:2    | Found Vinedutu's Antique Armour Boutique.
 19833 | Spider:1 | Entered Level 1 of the Spider Nest
 19863 | Spider:1 | Received a gift from Okawaru
 20805 | Spider:1 | Reached skill level 15 in Fighting
 20816 | Spider:1 | Noticed Rupert
 21035 | Orc:2    | Bought a +1 cloak of willpower for 231 gold pieces
 21101 | Elf:1    | Entered Level 1 of the Elven Halls
 21555 | Elf:1    | Identified the +5 hunting sling "Zeum" {freeze, rElec rN+
                  | Dex+2} (Okawaru gifted it to you on level 1 of the Elven
                  | Halls)
 21555 | Elf:1    | Received a gift from Okawaru
 21579 | Elf:1    | Got Vehumet's Compendium of Arcane Weapons
 21900 | Elf:1    | Found Detied's Jewellery Emporium.
 21901 | Elf:1    | Found Silewirukh's Book Shop.
 21903 | Elf:1    | Found Etaz's Jewellery Emporium.
 21922 | Elf:1    | Bought an amulet of reflection for 390 gold pieces
 22255 | Elf:1    | Received a gift from Okawaru
 22256 | Elf:1    | Reached XP level 17. HP: 145/145 MP: 24/24
 22299 | Elf:1    | Found Tok Ygin's Assorted Antiques.
 22323 | Elf:1    | Bought a translucent cloak for 237 gold pieces
 22323 | Elf:1    | Identified the +0 cloak of a Labyrinth {Will- Str+5 Int+4}
                  | (You bought it in a shop on level 1 of the Elven Halls)
 22535 | Elf:2    | Found Pukheob's Antique Weapon Shoppe.
 23159 | Elf:2    | Reached skill level 10 in Invocations
 23802 | Elf:2    | Found a huge runed translucent gate.
 23802 | Elf:2    | Found a huge runed translucent gate.
 23803 | Elf:2    | Found a huge runed translucent gate.
 23803 | Elf:2    | Found a huge runed translucent gate.
 23803 | Elf:2    | Found a huge runed translucent gate.
 24069 | Depths:1 | Entered Level 1 of the Depths
 24296 | Depths:1 | Found Eta Ucoumpiph's Antique Weapon Shop.
 24299 | Depths:1 | You fall into a shaft and drop 1 floor!
 24391 | Depths:1 | Found Unkuossugir's Antique Weapon Boutique.
 24442 | Depths:1 | Noticed a juggernaut
 24448 | Depths:1 | Noticed a titan
 24453 | Depths:1 | Killed a juggernaut
 24454 | Depths:1 | Reached skill level 1 in Polearms
 24465 | Depths:1 | Received a gift from Okawaru
 24466 | Depths:1 | Reached XP level 18. HP: 66/155 MP: 20/25
 24471 | Depths:1 | Killed a titan
 24581 | Depths:1 | Found a gateway to Hell.
 24880 | Depths:1 | Found a one-way gate leading to the halls of Pandemonium.
 25457 | Depths:2 | Received a gift from Okawaru
 25917 | Depths:2 | Noticed a royal mummy
 25930 | Depths:2 | Killed a royal mummy
 26635 | Depths:2 | Noticed a quicksilver dragon
 26645 | Depths:2 | Killed a quicksilver dragon
 26799 | Depths:2 | Received a gift from Okawaru
 27068 | Depths:3 | Noticed a lich
 27072 | Depths:3 | Killed a lich
 27083 | Depths:3 | Reached skill level 5 in Polearms
 27100 | Depths:3 | Reached XP level 19. HP: 64/163 MP: 22/27
 27407 | Depths:3 | Noticed a walking crystal tome
 27407 | Depths:3 | Noticed a caustic shrike
 27409 | Depths:3 | Noticed a caustic shrike
 27410 | Depths:3 | Noticed a caustic shrike
 27430 | Depths:3 | Killed a caustic shrike
 27477 | Depths:2 | Received a gift from Okawaru
 27853 | Depths:3 | Noticed a golden dragon
 27866 | Depths:3 | Killed a golden dragon
 27870 | Depths:3 | Found a gateway to a ziggurat.
 27873 | Depths:3 | Identified the ring "Gemomiesk" {Wiz rF++ Dex+4}
 27874 | Depths:3 | Noticed a tentacled monstrosity
 27883 | Depths:3 | Killed a tentacled monstrosity
 27941 | Depths:3 | Noticed a walking earthen tome
 27956 | Depths:3 | Killed a walking earthen tome
 28193 | Depths:3 | Reached skill level 15 in Armour
 28223 | Depths:3 | Reached ****** piety under Okawaru
 28299 | Depths:3 | Noticed a caustic shrike
 28311 | Depths:3 | Killed a caustic shrike
 28314 | Depths:3 | Noticed a lich
 28322 | Depths:3 | Killed a caustic shrike
 28333 | Depths:3 | Killed a caustic shrike
 28342 | Depths:3 | Killed a lich
 28359 | Depths:3 | Identified the +5 spear of Sloth {holy, SInv}
 28575 | Depths:3 | Identified the +0 pair of gloves "Feciyn Umef" {rPois}
                  | (Okawaru gifted it to you on level 3 of the Depths)
 28575 | Depths:3 | Received a gift from Okawaru
 28788 | Depths:3 | Reached XP level 20. HP: 152/172 MP: 28/28
 29010 | Depths:3 | Reached XP level 21. HP: 145/179 MP: 29/29
 29053 | Depths:3 | Found a one-way gate to the infinite horrors of the Abyss.
 29279 | Depths:4 | Entered Level 4 of the Depths
 29643 | Depths:4 | Noticed a golden dragon
 29650 | Depths:4 | Killed a golden dragon
 29758 | Depths:4 | Noticed a juggernaut
 30292 | Elf:1    | Bought a ring of resist corrosion for 260 gold pieces
 30703 | Depths:4 | Found a runed translucent gate.
 30703 | Depths:4 | Found a runed translucent gate.
 30703 | Depths:4 | Found a runed translucent gate.
 30705 | Depths:4 | Found an opulent altar of Gozag.
 30705 | Depths:4 | Found Doang's Assorted Antiques.
 30707 | Depths:4 | Found Inomi's Assorted Antiques.
 30707 | Depths:4 | Noticed a golden dragon
 30707 | Depths:4 | Noticed Goerukk's ghost (adept HuFi)
 30772 | Depths:4 | Killed a golden dragon
 30772 | Depths:4 | Received a gift from Okawaru
 30783 | Depths:4 | Killed Goerukk's ghost
 31007 | Depths:1 | Bought the +8 trident of the Octopus King {venom, rElec
                  | rPois Will+} for 2244 gold pieces
 31007 | Depths:1 | Found the +8 trident of the Octopus King {venom, rElec
                  | rPois Will+}
 31056 | Hell     | Entered the Vestibule of Hell
 31056 | Hell     | Noticed Geryon
 31223 | Depths:4 | Found a gate to the Realm of Zot.
 31223 | Depths:4 | Noticed a golden dragon
 31232 | Depths:4 | Killed a golden dragon
 32187 | Orc:2    | Bought a scroll of enchant armour for 112 gold pieces
 32220 | Orc:2    | Bought a scroll of enchant armour for 112 gold pieces
 32402 | Elf:2    | Noticed Agnes
 32423 | Elf:2    | Killed Agnes
 32432 | Arena    | Entered the Arena
 32934 | Spider:1 | Killed Rupert
 33077 | Spider:1 | Noticed Roxanne
 33094 | Spider:1 | Killed Roxanne
 33196 | Spider:1 | Reached XP level 22. HP: 188/188 MP: 30/30
 33405 | Spider:2 | Noticed Arachne
 33418 | Spider:2 | Received a gift from Okawaru
 33451 | Spider:2 | Killed Arachne
 33649 | Spider:2 | Found the +8 mithril axe "Arga" {speed, Will+}
 33767 | Spider:2 | Reached XP level 23. HP: 196/196 MP: 31/31
 34734 | Spider:3 | Received a gift from Okawaru
 35430 | Spider:4 | Entered Level 4 of the Spider Nest
 35892 | Spider:4 | Found a transporter.
 35933 | Spider:4 | Noticed Vuykkinei's ghost (adept TrBe)
 36191 | Spider:4 | Found a transporter.
 36204 | Spider:4 | Killed Vuykkinei's ghost
 36204 | Spider:4 | Received a gift from Okawaru
 36214 | Spider:4 | Identified the ring "Pulu" {rF+ rCorr Str+6 Int+3}
 36228 | Spider:4 | Reached XP level 24. HP: 204/204 MP: 32/32
 36547 | Spider:4 | Got a gossamer rune of Zot
 36739 | Shoals:1 | Entered Level 1 of the Shoals
 36900 | D:6      | Bought a scroll of enchant armour for 90 gold pieces
 36900 | D:6      | Bought a scroll of enchant armour for 90 gold pieces
 36900 | D:6      | Bought a scroll of enchant armour for 90 gold pieces
 37741 | Elf:3    | Entered Level 3 of the Elven Halls
 37772 | Elf:3    | Noticed Asterion
 37789 | Elf:3    | Killed Asterion
 38170 | Elf:3    | Reached skill level 15 in Shields
 38227 | Elf:3    | Reached XP level 25. HP: 148/210 MP: 32/32
 38861 | Elf:3    | Identified the ring "Zibrunt" {Fly rF++ AC+4 Int-2 Slay+3}
 39286 | Elf:3    | Identified the +3 quarterstaff of the Dark Horse {flame,
                  | rCorr Str+2 Dex-5}
 39327 | Elf:3    | Identified the +0 robe of Gluttony {rElec}
 39351 | Elf:3    | Noticed Saint Roka
 39365 | Elf:3    | Killed Saint Roka
 39726 | Elf:3    | Identified the ring of Duteiv {rF+ rC+ Str+6 Slay-5}
 39759 | Elf:3    | Identified the +0 scale mail of Responsibility {rN+ Regen+}
 39762 | Elf:3    | Identified the +0 ring mail of Qazlal's Hope {Drain Fly
                  | Int+6 Stlth+}
 40118 | Elf:3    | Found Oliqiamp's Book Boutique.
 40139 | Elf:3    | Found a radiant altar of Vehumet.
 41070 | Shoals:1 | Received a gift from Okawaru
 41125 | Shoals:1 | Noticed Louise
 41132 | Shoals:1 | Killed Louise
 41182 | Shoals:1 | Reached skill level 1 in Dodging
 41548 | Shoals:2 | Found a frozen archway.
 41595 | IceCv    | Entered an ice cave
 42296 | IceCv    | Identified the +1 ice dragon scales "Myfruwni" {rF- rC++
                  | Dex+5 Slay+2}
 42358 | IceCv    | Identified the +0 helmet of Ennu {Contam rN+ SInv}
 43792 | Shoals:3 | Identified the +2 pair of boots of Minor Irritation {Harm
                  | Will+} (Okawaru gifted it to you on level 3 of the Shoals)
 43792 | Shoals:3 | Received a gift from Okawaru
 43997 | Shoals:3 | Noticed Polyphemus
 44020 | Shoals:3 | Killed Polyphemus
 44228 | Shoals:3 | Found a runed translucent door.
 44232 | Shoals:3 | Noticed Lianjan's ghost (adept MiGl)
 44232 | Shoals:3 | Noticed Ilsuiw
 44260 | Shoals:3 | Reached XP level 26. HP: 192/222 MP: 32/32
 44262 | Shoals:3 | Killed Ilsuiw
 44293 | Shoals:3 | Killed Lianjan's ghost
 44420 | Shoals:3 | Got the Incunabulum of Curses and Intoxication
 44732 | Shoals:4 | Entered Level 4 of the Shoals
 44732 | Shoals:4 | Noticed Nikola
 44741 | Shoals:4 | Killed Nikola
 44838 | Shoals:4 | Reached skill level 5 in Dodging
 45181 | Shoals:4 | Noticed Donald
 45195 | Shoals:4 | Killed Donald
 45274 | Shoals:4 | Got a barnacled rune of Zot
 45290 | Shoals:4 | Noticed Mlioglotl
 45301 | Shoals:4 | Killed Mlioglotl
 45490 | Shoals:4 | Identified the ring "Mohoih" {*Slow rN+++ Will++ rCorr
                  | Int+6}
 46499 | Slime:1  | Entered Level 1 of the Pits of Slime
 47721 | Slime:5  | Entered Level 5 of the Pits of Slime
 47798 | Slime:5  | Received a gift from Okawaru
 47798 | Slime:5  | Noticed the Royal Jelly
 47805 | Arena    | Entered the Arena
 47821 | Arena    | Killed the Royal Jelly
 47874 | Slime:5  | Received a gift from Okawaru
 48045 | Slime:5  | Got the Tome of Floating Contamination
 48126 | Slime:5  | Got a slimy rune of Zot
 48172 | Slime:5  | Gained mutation: Your magical capacity is low. (-10% MP) [a
                  | shining eye]
 48176 | Slime:5  | Gained mutation: You are frail. (-10% HP) [a shining eye]
 48234 | Slime:5  | Gained mutation: You passively map a small area around you.
                  | [a shining eye]
 48527 | Slime:5  | Identified the +5 hand axe of Conscience {vorpal, Str+2
                  | Dex+3 Stlth+}
 48546 | Slime:5  | Identified the +8 falchion of Plog {vorpal, rC+ Int+7
                  | Dex+3}
 48548 | Slime:5  | Identified the -5 pair of boots of Sesoilu {rElec rN+}
 48595 | Slime:5  | Identified the +8 great mace "Nukkys" {vorpal, rElec rPois
                  | rC-}
 48624 | Slime:5  | Acquired 461 gold pieces
 48648 | Slime:5  | Lost mutation: Your magical capacity is low. (-10% MP)
                  | [potion of mutation]
 48648 | Slime:5  | Lost mutation: You passively map a small area around you.
                  | [potion of mutation]
 48648 | Slime:5  | Gained mutation: You are weak. (Str -2) [potion of
                  | mutation]
 48648 | Slime:5  | Gained mutation: You are strong-willed. (Will+) [potion of
                  | mutation]
 48648 | Slime:5  | Gained mutation: You have sharp fingernails. [potion of
                  | mutation]
 48648 | Slime:5  | Gained mutation: Your system is resistant to poisons.
                  | (rPois) [potion of mutation]
 48851 | Vaults:1 | Entered Level 1 of the Vaults
 49000 | Vaults:1 | Reached XP level 27. HP: 213/213 MP: 32/32
 49155 | Vaults:1 | Identified the ring of Sakleodi {Fire rPois Will+ Dex+3
                  | SInv}
 50308 | Vaults:2 | Found a magical portal.
 50332 | WizLab   | Entered Yara's Duelist Academy
 50481 | WizLab   | Noticed Xyoriyzi
 50496 | WizLab   | Killed Xyoriyzi the Head Instructor
 50623 | WizLab   | Got Acviuz's Disquisition on the Birds and the Rocks
 51789 | Vaults:3 | Found Qaec Qauh's Assorted Antiques.
 52012 | Vaults:3 | Identified the +0 scale mail "Monar" {+Blink Will++ Slay-3}
                  | (Okawaru gifted it to you on level 3 of the Vaults)
 52012 | Vaults:3 | Received a gift from Okawaru
 52369 | Vaults:3 | Found a staircase to the Crypt.
 52557 | Vaults:3 | Reached skill level 27 in Fighting
 52649 | Vaults:3 | Found a radiant altar of Vehumet.
 53386 | Vaults:4 | Identified the ring "Viyluew" {Fire Stlth+}
 53546 | Vaults:4 | Noticed a juggernaut
 53547 | Vaults:4 | a juggernaut changed into a titan
 53551 | Vaults:4 | Noticed a juggernaut
 53551 | Vaults:4 | a titan changed into a juggernaut
 53554 | Vaults:4 | a juggernaut changed into a rockslime
 53555 | Vaults:4 | Noticed a juggernaut
 53555 | Vaults:4 | a rockslime changed into a juggernaut
 53557 | Vaults:4 | Noticed a shard shrike
 53557 | Vaults:4 | a juggernaut changed into a shard shrike
 53561 | Vaults:4 | a shard shrike changed into a titan
 53760 | Vaults:4 | Received a gift from Okawaru
 53911 | Vaults:5 | Entered Level 5 of the Vaults
 54159 | Vaults:5 | Noticed a dread lich
 54347 | Vaults:5 | Killed a dread lich
 54470 | Vaults:5 | Noticed Boris
 54594 | Vaults:4 | Received a gift from Okawaru
 54825 | Vaults:4 | Reached skill level 27 in Armour
 54829 | Vaults:5 | Identified the +9 battleaxe of the Demagogue {vorpal, Will-
                  | rCorr Str+4}
 54855 | Vaults:5 | Noticed an ancient lich
 54858 | Vaults:5 | Killed Boris
 54859 | Vaults:5 | Reached skill level 1 in Poison Magic
 54864 | Vaults:5 | Reached skill level 1 in Earth Magic
 54872 | Vaults:4 | Killed an ancient lich
 54873 | Vaults:4 | Reached skill level 1 in Short Blades
 54873 | Vaults:4 | Reached skill level 1 in Slings
 54873 | Vaults:4 | Reached skill level 1 in Crossbows
 54873 | Vaults:4 | Reached skill level 1 in Throwing
 54873 | Vaults:4 | Reached skill level 1 in Hexes
 54873 | Vaults:4 | Reached skill level 1 in Transmutations
 55224 | Vaults:5 | Found Icalisapn's Distillery.
 55904 | Vaults:5 | Got a silver rune of Zot
 55918 | Vaults:5 | Identified the +7 chain mail of Henotheism {Regen+ Dex+5
                  | Stlth+}
 55982 | Vaults:5 | Identified the ring "Ugoprats" {*Corrode Fly rElec Int+6
                  | Dex+6}
 55998 | Vaults:5 | Identified the +11 plate armour "Kyxkus" {rElec Str+4
                  | Dex-2}
 56124 | Vaults:5 | Identified the +5 great sword "Puegoo" {pain, Stlth+}
 56672 | D:3      | Bought the +8 lance "Wyrmbane" {slay drac, rPois rF+ rC+
                  | AC+3} for 2504 gold pieces
 56672 | D:3      | Found the +8 lance "Wyrmbane" {slay drac, rPois rF+ rC+
                  | AC+3}
 56990 | Zig:1    | Entered Level 1 of a ziggurat
 57010 | Zig:2    | Entered Level 2 of a ziggurat
 57030 | Zig:3    | Entered Level 3 of a ziggurat
 57062 | Zig:4    | Entered Level 4 of a ziggurat
 57072 | Zig:4    | Identified the +0 tower shield of the Echidna {rPois Str+3
                  | Int-4} (Okawaru gifted it to you on level 4 of a ziggurat)
 57072 | Zig:4    | Received a gift from Okawaru
 57094 | Zig:5    | Entered Level 5 of a ziggurat
 57119 | Zig:5    | Identified the +3 scale mail "Folosiduus" {Contam rC++
                  | Will+ SInv}
 57128 | Zig:6    | Entered Level 6 of a ziggurat
 57131 | Zig:6    | Found the +1 cloak of Starlight {*Dazzle EV+4 Stlth--}
 57178 | Zig:7    | Entered Level 7 of a ziggurat
 57233 | Zig:7    | Got the Tome of Gliding Orientation
 57252 | Zig:8    | Entered Level 8 of a ziggurat
 57289 | Zig:8    | Identified the ring "Zyolue" {rPois Slay+2}
 57316 | Depths:3 | Lost mutation: You have sharp fingernails. [potion of
                  | mutation]
 57316 | Depths:3 | Gained mutation: You occasionally shout uncontrollably at
                  | your foes. [potion of mutation]
 57316 | Depths:3 | Gained mutation: You are highly strong-willed. (Will++)
                  | [potion of mutation]
 57316 | Depths:3 | Gained mutation: You are somewhat resistant to further
                  | mutation. [potion of mutation]
 57317 | Depths:3 | Lost mutation: Your system is resistant to poisons. (rPois)
                  | [potion of mutation]
 57317 | Depths:3 | Lost mutation: You are frail. (-10% HP) [potion of
                  | mutation]
 57318 | Depths:3 | Lost mutation: You are highly strong-willed. (Will++)
                  | [potion of mutation]
 57318 | Depths:3 | Lost mutation: You are somewhat resistant to further
                  | mutation. [potion of mutation]
 57318 | Depths:3 | Lost mutation: You are weak. (Str -2) [potion of mutation]
 57318 | Depths:3 | Gained mutation: You are dopey. (Int -2) [potion of
                  | mutation]
 57318 | Depths:3 | Gained mutation: You have sharp fingernails. [potion of
                  | mutation]
 57319 | Depths:3 | Lost mutation: You occasionally shout uncontrollably at
                  | your foes. [potion of mutation]
 57319 | Depths:3 | Lost mutation: You are strong-willed. (Will+) [potion of
                  | mutation]
 57319 | Depths:3 | Lost mutation: You are dopey. (Int -2) [potion of mutation]
 57319 | Depths:3 | Gained mutation: Your flesh is heat resistant. (rF+)
                  | [potion of mutation]
 57319 | Depths:3 | Gained mutation: Your body sometimes deteriorates upon
                  | taking damage. [potion of mutation]
 57320 | Depths:3 | Lost mutation: Your body sometimes deteriorates upon taking
                  | damage. [potion of mutation]
 57320 | Depths:3 | Lost mutation: You have sharp fingernails. [potion of
                  | mutation]
 57320 | Depths:3 | Lost mutation: Your flesh is heat resistant. (rF+) [potion
                  | of mutation]
 57320 | Depths:3 | Gained mutation: You expend magic power (3 MP) to
                  | strengthen your wands. [potion of mutation]
 57320 | Depths:3 | Gained mutation: You have large cloven feet. [potion of
                  | mutation]
 57320 | Depths:3 | Gained mutation: You are partially covered in iridescent
                  | scales. (AC +2) [potion of mutation]
 57916 | Crypt:1  | Entered Level 1 of the Crypt
 57968 | Crypt:1  | Noticed Mara
 57971 | Crypt:1  | Noticed ytrimaz's illusion
 57994 | Crypt:1  | Killed Mara
 58493 | Temple   | Fell from the grace of Okawaru
 58493 | Temple   | Became a worshipper of the Shining One
 58885 | Crypt:1  | Reached * piety under the Shining One
 58901 | Crypt:1  | Noticed an ancient lich
 58905 | Crypt:1  | Reached ** piety under the Shining One
 58906 | Crypt:1  | Noticed an ancient lich
 58917 | Crypt:1  | Killed an ancient lich
 58936 | Crypt:1  | Killed an ancient lich
 59034 | Crypt:1  | Noticed Jory
 59035 | Crypt:1  | Reached *** piety under the Shining One
 59051 | Crypt:1  | Killed Jory
 59083 | Crypt:1  | Reached **** piety under the Shining One
 59336 | Crypt:1  | Reached ***** piety under the Shining One
 61262 | Crypt:3  | Entered Level 3 of the Crypt
 61268 | Crypt:3  | Reached ****** piety under the Shining One
 61295 | Crypt:3  | Identified the +3 war axe of Dissent {freeze, Drain rElec
                  | rCorr SInv}
 61445 | Crypt:3  | Identified a +9 executioner's axe of holy wrath (a +8
                  | executioner's axe of freezing blessed by the Shining One)
 61445 | Crypt:3  | Received a gift from the Shining One
 61919 | Crypt:3  | Found a staircase to the Tomb.
 62167 | Crypt:3  | Found an ancient bone altar of Kikubaaqudgha.
 62235 | Crypt:3  | Got Sif Muna's Reference Book on the Dislocated Snowflakes
 62524 | Crypt:3  | Identified the +2 troll leather armour of the Orcish Mines
                  | {Regen+ MP+9 Str+9 Slay-4 Stlth+}
 62782 | Tomb:1   | Entered Level 1 of the Tomb of the Ancients
 63488 | Tomb:1   | Noticed a royal mummy
 63495 | Tomb:1   | Killed a royal mummy
 63651 | Tomb:1   | Noticed a royal mummy
 63662 | Tomb:1   | Killed a royal mummy
 64143 | Tomb:1   | Was forgiven by Okawaru
 64535 | Tomb:2   | Noticed a royal mummy
 64537 | Tomb:2   | Noticed a royal mummy
 64537 | Tomb:2   | Noticed a royal mummy
 64543 | Tomb:2   | Killed a royal mummy
 64544 | Tomb:2   | Noticed a royal mummy
 64545 | Tomb:2   | Killed a royal mummy
 64548 | Tomb:2   | Noticed a royal mummy
 64548 | Tomb:2   | Noticed a royal mummy
 64556 | Tomb:2   | Reached skill level 10 in Dodging
 64565 | Tomb:2   | Killed from afar by a royal mummy

Illustrated notes

Levels and vault maps discovered:
D:1:      lemuel_arrival_river_ford, layout_basic,
          shapermc_ecumenical_altar_totnotflames
D:2:      layout_loops_ring, basic_altar
D:3:      layout_basic, serial_shops, shop, chequers_jeans
D:4:      layout_loops_ring, minmay_temple_entry_mini_moons, uniq_duvessa,
          uniq_blork_the_orc
D:5:      layout_loops_ring, serial_shops, nicolae_shop_trees, uniq_edmund,
          uniq_crazy_yiuf_cottage, uniq_eustachio
D:6:      layout_basic, minitemple, ebering_ghost_rock_garden,
          nicolae_wooded_promenade
D:7:      layout_rooms, dk_noncrumbling_2
D:8:      layout_loops_ring, bh_walls_and_bars
D:9:      kennysheep_seaside_town, layout_small_grid, uniq_pikel
D:10:     layout_long_grid, erik_lair_orcish_takeover, david_orc_3
D:11:     layout_basic, solitary_fountain, uniq_fannar
D:12:     layout_rooms, serial_shops, freezing_bzr, uniq_nergalle
D:13:     layout_roguey, erik_vaults_1, hangedman_weighted_door,
          nzn_wu_jian_contemplation
D:14:     layout_basic
D:15:     grunt_enter_depths_giant_problem, layout_cave_pools,
          chequers_serial_rivers_micro_b, hangedman_decor_riveting
Temple:   regret_index_temple_waves
Lair:1:   dpeg_oklob_gauntlet, layout_regular_city, gammafunk_lair_bear_cave,
          uniq_urug
Lair:2:   beast_lair_carwin_large_4, layout_chaotic_city,
          minmay_shoals_entry_hut
Lair:3:   layout_cave_shapes, beast_lair_carwin_9, grunt_megastairs_5,
          serial_bayou_shore_b, lemuel_fruit_fields, lemuel_fruit_tree,
          serial_bayou_shore_b
Lair:4:   layout_small_grid, spider_nest_entry_web_field, disabler_island
Lair:5:   layout_cave_pods, slime_dummy, cheibrodos_lair_reptile_den,
          infiniplex_staircase_pool_2
Lair:6:   grunt_lair_end_beastmaster, layout_regular_city, serial_bayou_shore_b
Shoals:1: layout_shoals, uniq_louise
Shoals:2: layout_shoals, portal_ice_cave_entry_ugly_swarm
Shoals:3: layout_shoals, ebering_ghost_inner_flame, uniq_ilsuiw, uniq_polyphemus
Shoals:4: shoals_end_hellmonk_lost_city, uniq_donald, uniq_mlioglotl,
          uniq_nikola
Spider:1: layout_spider_delve, nicolae_spider_baby_got_redback, uniq_roxanne,
          uniq_rupert
Spider:2: layout_spider_delve, hive_lemuel, uniq_arachne
Spider:3: layout_chambers, hangedman_spider_tarantella_strand
Spider:4: grunt_spider_rune_island, gammafunk_ghost_berserking_beasts
Slime:1:  layout_caves
Slime:2:  cheibrodos_slime_lost_civilization_1, layout_caves
Slime:3:  layout_caves
Slime:4:  layout_caves
Slime:5
Orc:1:    layout_caves, minmay_orc_keep
Orc:2:    grunt_orc_tribal_feast, layout_caves, serial_shops, shop_statue,
          nicolae_diamond_shop, nicolae_shop_behind_doors,
          nicolae_orc_tapped_out
Elf:1:    nicolae_elf_arrival_fired_up, layout_gridlike, serial_shops,
          nicolae_shop_crystal, minmay_elf_sorcery, grunt_megastairs_1,
          minmay_shop_grove
Elf:2:    elven_hall_of_blades_hangedman_alternative
          [nicolae_blade_entry_area_security], layout_onion_city, serial_shops,
          nicolae_stop_n_shop_1, grunt_ministairs_4,
          nicolae_elf_glassroom_feature, uniq_agnes
Elf:3:    minmay_elf_hall_spiked, layout_loops_ring, serial_shops, shop,
          basic_altar, nicolae_elf_m_pinch, amcnicky_mini_pool_small,
          library_closet, uniq_saint_roka, uniq_asterion
Vaults:1: v_alt_pattern_3, nicolae_vaults_yaktaur_gun_rack,
          hangedman_vaults_nodes, ontoclasm_vaults_claustrophobia, v_misc_30,
          vaults_standard_mumra_enter_the_diamond, st_cells,
          vaults_room_hallway, layout_vaults_chaotic_city
Vaults:2: lightli_enter_wizlab_magi_temple, grunt_vaults_bifocal,
          hangedman_vaults_stream, v_misc_3, v_alt_pattern_4, vaults_room_grid,
          ontoclasm_vaults_chip, v_misc_31, v_misc_30,
          nicolae_vaults_shelves_hall, vaults_room_door_ring,
          vaults_standard_mumra_enter_the_diamond, layout_vaults_ring
Vaults:3: grunt_vaults_twisty, v_rooms_3, grunt_tower_of_power,
          minmay_crypt_entry_skeletal_spiral, nicolae_vaults_puzzle_piece,
          hangedman_vaults_slice, v_alt_pattern_1, v_misc_23, vaults_room_grid,
          v_pattern_2, layout_vaults_maze_bifur, serial_shops, shop
Vaults:4: v_misc_13, ontoclasm_vaults_loading_screen, st_hourglassy, v_misc_3,
          nicolae_vaults_angled_halls, hangedman_vaults_nails,
          hangedman_vaults_slice, vaults_dpeg_hooks, layout_vaults_omnigrid
Vaults:5: uniq_boris
Crypt:1:  grunt_deathspiral_small, layout_gridlike, uniq_mara, uniq_jory
Crypt:2:  layout_gridlike, grunt_megastairs_2
Crypt:3:  church_of_pain_bobbens, layout_chaotic_city,
          nicolae_tomb_entry_unfolded_pyramid_orthogonal, grunt_ministairs_15,
          st_stairs_4
Tomb:1
Tomb:2
Depths:1: layout_cave_shapes, rand_demon_pan_entry_9,
          pf_vacation_house_of_asmodeus, drop_trap,
          serial_sigils_hangedman_shear, minmay_pinched_square, minmay_shoptagon
Depths:2: lemuel_minitomb, layout_basic, chequers_serial_rivers_room_b,
          hellmouth_1, grunt_pan_entry_sceptre
Depths:3: grunt_crosshair, layout_gridville, enter_ziggurat_e,
          chequers_serial_rivers_micro_a, abyss_entry, hell_entry
Depths:4: grunt_zot_entry_tricorne, layout_gridville, ebering_ghost_gozag,
          minmay_room_of_horrors, grunt_hell_entry_dis_old
Hell

Skill      XL: |  1  2  3  4  5  6  7  8  9 10 11 12 13 14 15 16 17 18 19 20 21 22 23 24 25 26 27 |
---------------+----------------------------------------------------------------------------------+-----
Armour         | 4 5 6 7 8 10 11 12 13 14 15 16 18 19 21 22 27 | 27.0
Axes           | 3 4 5 6 7 9 11 13 15 16 18 19 20 21 22 23 | 23.6
Fighting       | 4 5 6 8 9 10 11 13 14 16 17 18 19 20 21 23 27 | 27.0
Invocations    | 2 4 5 6 7 8 9 10 11 12 13 | 13.0
Shields        | 5 7 9 11 14 15 25 | 25.2
Polearms       | 2 5 7 8 9 |  9.3
Dodging        | 4 7 10 | 10.0
Poison Magic   | 1 |  1.2
Earth Magic    | 1 |  1.2
Short Blades   | 1 |  1.0
Slings         | 1 |  1.0
Crossbows      | 1 |  1.0
Throwing       | 1 |  1.0
Hexes          | 1 |  1.0
Transmutations | 1 |  1.0
Bows           | |  0.6
Conjurations   | |  0.8
Summonings     | |  0.8
Translocations | |  0.7
Fire Magic     | |  0.8
Ice Magic      | |  0.8
Air Magic      | |  0.5

Action                   |  1- 3 |  4- 6 |  7- 9 | 10-12 | 13-15 | 16-18 | 19-21 | 22-24 | 25-27 || total
-------------------------+-------+-------+-------+-------+-------+-------+-------+-------+-------++-------
Melee: War axe           |    62 |       |       |       |       |       |       |       |       ||    62
       Battleaxe         |    29 |    95 |   203 |   218 |   594 |       |       |       |   457 ||  1596
       Hand axe          |       |       |    15 |       |       |       |       |       |       ||    15
       Broad axe         |       |       |       |   211 |   123 |       |       |       |       ||   334
       Mace              |       |       |       |       |    45 |       |       |       |       ||    45
       Executioner's axe |       |       |       |       |    53 |   740 |   566 |   580 |  2497 ||  4436
       Trident           |       |       |       |       |       |       |    32 |       |       ||    32
Invok: Heroism           |       |       |    11 |    22 |    19 |    37 |    19 |    14 |    39 ||   161
       Finesse           |       |       |       |     6 |     7 |    14 |    12 |     5 |    14 ||    58
       Duel              |       |       |       |       |       |       |     1 |       |     1 ||     2
       Cleansing Flame   |       |       |       |       |       |       |       |       |    11 ||    11
       Summon Divine War |       |       |       |       |       |       |       |       |     4 ||     4
       Divine Shield     |       |       |       |       |       |       |       |       |     1 ||     1
       Brand Weapon With |       |       |       |       |       |       |       |       |     1 ||     1
 Abil: Dig               |     1 |       |     1 |     1 |     7 |     4 |     4 |     2 |     3 ||    23
  Use: Scroll            |     5 |     4 |     4 |     8 |    14 |     2 |     7 |     6 |    22 ||    72
       Potion            |       |     1 |     1 |     4 |       |    10 |     9 |     2 |    12 ||    39
 Stab: Distracted        |       |       |       |       |     1 |       |       |       |       ||     1
       Petrified         |       |       |       |       |     1 |       |       |       |     2 ||     3
       Invisible         |       |       |       |       |       |       |       |       |     2 ||     2
Armor: Scale mail        |    39 |    51 |   110 |    59 |       |       |       |       |       ||   259
       Plate armour      |       |       |       |   144 |   168 |   225 |    64 |       |       ||   601
       Ring mail         |       |       |       |       |   389 |   147 |       |       |       ||   536
       Gold dragon scale |       |       |       |       |       |       |   225 |   429 |  1403 ||  2057
Dodge: Dodged            |    44 |    57 |   127 |   187 |   370 |   227 |   120 |   153 |   635 ||  1920
Block: Buckler           |    23 |    28 |    69 |   121 |   216 |   208 |   238 |   283 |       ||  1186
       Kite shield       |       |       |       |       |    49 |   107 |       |       |       ||   156
       Reflection        |       |       |       |       |       |    14 |     3 |    24 |   235 ||   276
       Tower shield      |       |       |       |       |       |       |       |   136 |  3287 ||  3423

Table legend: (Time is in decaauts)
 A = Elapsed time spent in this place.
 B = Non-inter-level travel time spent in this place.
 C = Inter-level travel time spent in this place.
 D = Time resting spent in this place.
 E = Time spent auto-exploring this place.
 F = Levels seen in this place.
 G = Mean time per level.
                   A        B        C        D        E       F      G
               +--------+--------+--------+--------+--------+-----+--------+
         Total |  62813 |  55966 |   6847 |   9734 |  30988 |  68 |  923.7 |
       Dungeon |  14188 |  11624 |   2564 |    733 |   7751 |  15 |  945.9 |
        Temple |    299 |    180 |    119 |      0 |    127 |   1 |  299.0 |
          Lair |   7690 |   6627 |   1063 |   1160 |   4233 |   6 | 1281.7 |
        Shoals |   4189 |   4033 |    156 |    833 |   2315 |   4 | 1047.2 |
   Spider Nest |   3778 |   3658 |    120 |    294 |   2150 |   4 |  944.5 |
    Slime Pits |   2090 |   1994 |     96 |    121 |   1312 |   5 |  418.0 |
  Orcish Mines |   1246 |    864 |    382 |     17 |    572 |   2 |  623.0 |
   Elven Halls |   6985 |   6360 |    625 |   2274 |   2304 |   3 | 2328.3 |
        Vaults |   7210 |   6622 |    588 |    712 |   4121 |   5 | 1442.0 |
         Crypt |   4022 |   3701 |    321 |    580 |   2033 |   3 | 1340.7 |
          Tomb |   1726 |   1712 |     14 |    539 |    682 |   2 |  863.0 |
        Depths |   7736 |   6940 |    796 |   2414 |   2734 |   4 | 1934.0 |
          Hell |      1 |      1 |      0 |      0 |      0 |   1 |    1.0 |
      Ziggurat |    267 |    267 |      0 |      0 |      0 |   8 |   33.4 |
        Bazaar |    230 |    230 |      0 |     33 |     74 |   1 |  230.0 |
      Ice Cave |    753 |    753 |      0 |      0 |    469 |   1 |  753.0 |
        Wizlab |    337 |    337 |      0 |      3 |    110 |   1 |  337.0 |
         Arena |     56 |     56 |      0 |     21 |      0 |   2 |   28.0 |
               +--------+--------+--------+--------+--------+-----+--------+

Top non-repeatable levels by time:
   Elf:3: 2722 daAuts
   Elf:2: 2612 daAuts
Depths:3: 2212 daAuts
Depths:2: 2212 daAuts
Vaults:4: 2199 daAuts
  Lair:4: 2030 daAuts
Depths:4: 1891 daAuts
  Tomb:1: 1699 daAuts
   Elf:1: 1649 daAuts
Vaults:1: 1535 daAuts
  Lair:6: 1498 daAuts
 Crypt:3: 1444 daAuts
Depths:1: 1420 daAuts
    D:10: 1330 daAuts
 Crypt:2: 1304 daAuts
